 Dungeon Crawl Stone Soup version 0.31-a0-369-g8eba5f6939 (webtiles) character file.

Game seed: 12471481254010616425

191 floatRand the Ruffian (level 5, -3/40 HPs)
             Began as a Draconian Shapeshifter on July 28, 2023.
             Slain by a gnoll
             ... wielding a +0 spear
              (16 damage)
             ... on level 4 of the Dungeon.
             The game lasted 00:03:34 (2493 turns).

floatRand the Ruffian (Draconian Shapeshifter)      Turns: 2493, Time: 00:03:34

Health: -3/40      AC:  5    Str: 19    XL:     5   Next: 41%
Magic:  5/5        EV:  2    Int:  9    God:
Gold:   157        SH:  0    Dex: 11    Spells: 4/4 levels left

rFire   . .          .
                       - Unarmed
rCold   . . .        (no shield)
rNeg    . . .        (body armour unavailable)
rPois   .            (helmet currently unavailable)
rElec   .            (cloak currently unavailable)
rCorr   .            (gloves currently unavailable)
SInv    .            (boots currently unavailable)
Will    .....        h - amulet of regeneration
Stlth   +            (no ring)
HPRegen 1.06/turn    (no ring)
MPRegen 0.09/turn

%: no passive effects
@: beast-form, sleeping
A: beast (slay +2), AC +5, unfitting armour, cold-blooded
a: Begin Untransformation


You were on level 4 of the Dungeon.
You were a hulking beast.
You visited 1 branch of the dungeon, and saw 4 of its levels.

You collected 157 gold pieces.

Inventory:

Armour
 d - a +0 pair of gloves
Jewellery
 c - a ring of ice
 h - an amulet of regeneration (around neck)
 j - a ring of flight
Talismans
 b - a beast talisman
 i - a serpent talisman
Scrolls
 e - a scroll of teleportation {unknown}
 f - a scroll of amnesia {unknown}
 g - a scroll of enchant weapon
 m - a scroll of revelation {unknown}
Potions
 a - 2 potions of lignification
 k - a potion of berserk rage {unknown}
 l - a potion of heal wounds {unknown}
 n - a potion of ambrosia {unknown}


   Skills:
 - Level 1.1 Fighting
 - Level 1.7 Dodging
 * Level 5.3 Unarmed Combat
 + Level 3.9 Shapeshifting


You had 4 spell levels left.
You didn't know any spells.
Your spell library contained the following spells:

 Spells                   Type           Power      Damage    Failure   Level
 Shock                    Conj/Air       0%         1d3       38%         1
 Ensorcelled Hibernation  Hex/Ice        0%         N/A       52%         2
 Lesser Beckoning         Tloc           0%         N/A       52%         2
 Call Canine Familiar     Summ           0%         N/A       77%         3
 Gell's Gravitas          Tloc           0%         N/A       77%         3
 Ignite Poison            Fire/Tmut/Pois 0%         N/A       77%         3
 Portal Projectile        Hex/Tloc       0%         N/A       77%         3
 Swiftness                Air            0%         N/A       77%         3
 Teleport Other           Tloc           0%         N/A       77%         3
 Airstrike                Air            0%         2d(0-16)  99%         4
 Anguish                  Hex/Necr       0%         N/A       99%         4
 Leda's Liquefaction      Hex/Erth       0%         N/A       99%         4
 Sticky Flame             Conj/Fire      0%         2d3       99%         4
 Ignition                 Fire           0%         3d3       100%        8


Dungeon Overview and Level Annotations

Branches:
Dungeon (4/15)
 Temple: D:4-7

Altars:

Annotations:
D:4 Dowan


Innate Abilities, Weirdness & Mutations

You are a hulking beast.
Your limbs bulge with bestial killing power. (Slay +2)
Your plain brown scales are hard. (AC +5)
You cannot fit into any form of body armour.
You are cold-blooded and may be slowed by cold attacks.


Message History

You rip the net and break free!
The gnoll shouts!
The gnoll closely misses you. The sleepcap attacks as you move away!
The sleepcap closely misses you. The sleepcap attacks as you move away!
The sleepcap barely misses you. The sleepcap attacks as you move away!
The sleepcap barely misses you. The sleepcap attacks as you move away!
The sleepcap releases spores at you.
You punch the sleepcap!
The sleepcap is moderately damaged.
The sleepcap releases spores at you.
You are engulfed in a cloud of soporific spores!
You fall asleep.
The gnoll hits you from afar with a +0 spear!
You wake up.
Unknown command.
Unknown command.
Unknown command.
You punch the sleepcap!
The sleepcap is severely damaged.
The sleepcap closely misses you.
The gnoll hits you from afar with a +0 spear.
Unknown command.
Unknown command.
Unknown command.
Unknown command.
The orc priest shouts!
You hit the sleepcap.
The sleepcap is almost destroyed.
The sleepcap releases spores at you. The gnoll closely misses you.
Unknown command.
An adder comes into view.
You hit the sleepcap but do no damage.
The sleepcap is almost destroyed.
The sleepcap releases spores at you.
* * * LOW HITPOINT WARNING * * *
You are engulfed in a cloud of soporific spores!
You fall asleep.
Dowan, Brother of Duvessa comes into view.
He is wielding a +0 dagger and carrying a wand of flame.
The gnoll hits you from afar with a +0 spear!
You die...

## #..(..... . ......>..
#. #...<.... #. #......(.
# #..##########........
#.##..#....!............
'.......gg...............
.##o.#f########)####..
##..h# #....# .
#.....#.#####.#### .#
#.S...#.....#....###.#
...#. ##.....###.#...# e.
#. ##.....#.....#.# .
...o............#.#
.###########.##.#..#
...........# ####.##)...#


You could see a sleepcap, Dowan (wandering), an orc priest, 2 gnolls and an
adder.

Vanquished Creatures
  Robin (D:3)
  4 gnolls
  6 adders
  2 dart slugs (D:1)
  6 ball pythons
  7 endoplasms
  3 giant cockroaches
  11 goblins
  7 hobgoblins
  8 quokkas
  5 bats
  5 frilled lizards
  9 kobolds
  6 rats
80 creatures vanquished.

Notes
Turn   | Place    | Note
-------+----------+-------------------------------------------
     0 | D:1      | floatRand the Draconian Shapeshifter began the quest for
                  | the Orb.
     0 | D:1      | Reached XP level 1. HP: 16/16 MP: 1/1
    39 | D:1      | You fall into a shaft and drop 1 floor!
    86 | D:2      | Reached XP level 2. HP: 23/23 MP: 2/2
   834 | D:1      | Reached XP level 3. HP: 27/28 MP: 3/3
   928 | D:1      | Reached skill level 4 in Unarmed Combat
  1103 | D:1      | Found a faded altar of an unknown god.
  1103 | D:1      | Noticed a Brimstone Fiend
  1577 | D:3      | Reached XP level 4. HP: 8/35 MP: 4/4
  2119 | D:3      | Noticed Robin
  2208 | D:3      | Killed Robin
  2244 | D:3      | Reached skill level 5 in Unarmed Combat
  2258 | D:3      | Reached XP level 5. HP: 40/40 MP: 5/5
  2492 | D:4      | Noticed Dowan
  2493 | D:4      | Slain by a gnoll

Illustrated notes

Levels and vault maps discovered:
D:1:      dpeg_arrival_central, layout_basic,
          dreamdust_ecumenical_altar_sealed_demon
D:2:      layout_basic, minivault_27, minmay_surrounded
D:3:      layout_rooms, chequers_serial_rivers_micro_e, hangedman_decor_points,
          minmay_puff, uniq_robin
D:4:      layout_basic, minmay_bent, uniq_duvessa

Skill      XL: |  1  2  3  4 |
---------------+-------------+-----
Unarmed Combat | 4 5 |  5.3
Fighting       | |  1.1
Dodging        | |  1.7
Shapeshifting  | |  3.9

Action                     |  1- 3 |  4- 6 || total
---------------------------+-------+-------++-------
  Melee: Unarmed           |   119 |    93 ||   212
         Tailslap          |     9 |    10 ||    19
         Punch             |       |     1 ||     1
    Use: Scroll            |       |     1 ||     1
   Stab: Sleeping          |     2 |       ||     2
 Armour: Skin              |    37 |    28 ||    65
  Dodge: Dodged            |    78 |    59 ||   137

Table legend: (Time is in decaauts)
 A = Elapsed time spent in this place.
 B = Non-inter-level travel time spent in this place.
 C = Inter-level travel time spent in this place.
 D = Time resting spent in this place.
 E = Time spent auto-exploring this place.
 F = Levels seen in this place.
 G = Mean time per level.
                   A        B        C        D        E       F      G
               +--------+--------+--------+--------+--------+-----+--------+
         Total |   2478 |   2361 |    117 |     49 |   1534 |   4 |  619.5 |
       Dungeon |   2478 |   2361 |    117 |     49 |   1534 |   4 |  619.5 |
               +--------+--------+--------+--------+--------+-----+--------+

Top non-repeatable levels by time:
     D:3: 860 daAuts
     D:2: 802 daAuts
     D:1: 753 daAuts
     D:4: 62 daAuts
